 Dungeon Crawl Stone Soup version 0.27.1-2-g3b301248ec (webtiles) character file.

Game seed: 2586300965137586935

608 nxtlvl the Cudgeller (level 7, -1/43 (48) HPs)
             Began as a Formicid Artificer on Sept 26, 2021.
             Slain by a necrophage (2 damage)
             ... on level 6 of the Dungeon.
             The game lasted 00:14:25 (1138 turns).

nxtlvl the Cudgeller (Formicid Artificer)           Turns: 1138, Time: 00:14:25

HP:   -1/43 (48)    AC:  6    Str: 16    XL:     7   Next: 71%
MP:   7/7           EV:  9    Int: 11    God:
Gold: 94            SH:  0    Dex: 13    Spells: 6/6 levels left

rFire    . . .     SeeInvis +   a - +2 flail (vorpal)
rCold    . . .     Faith    .   (no shield)
rNeg     . . .     Spirit   .   c - +0 scale mail
rPois    .         Reflect  .   (helmet unavailable)
rElec    .         Harm     .   (no cloak)
rCorr    .         Rampage  .   (no gloves)
Will     .....                  (no boots)
Stlth    ..........             (no amulet)
HPRegen  0.14/turn              (no ring)
MPRegen  0.10/turn              (no ring)

@: heavily drained
A: permanent stasis, dig shafts and tunnels, antennae 3, four strong arms
a: Dig, Shaft Self


You were on level 6 of the Dungeon.
You visited 2 branches of the dungeon, and saw 7 of its levels.

You collected 94 gold pieces.

Inventory:

Hand Weapons
 a - a +2 vorpal flail (weapon)
 b - a +0 shortbow
Missiles
 l - 2 silver boomerangs
 m - 5 curare-tipped darts (quivered)
 n - 37 arrows
Armour
 c - a +0 scale mail (worn)
 t - a +0 leather armour of cold resistance
Wands
 d - a wand of charming (13)
Scrolls
 f - a scroll of torment {unknown}
 g - a scroll of fear {unknown}
 i - 2 scrolls of identify {unknown}
 o - a scroll of blinking {unknown}
 p - a scroll of silence {unknown}
 q - a scroll of enchant armour {unknown}
 r - a scroll of noise {unknown}
Potions
 h - a potion of curing {unknown}
 j - a potion of brilliance {unknown}
 k - a potion of might {unknown}
Miscellaneous
 e - a piece from Xom's chessboard (8/15)


   Skills:
 - Level 1.1 Fighting
 * Level 6.4 Maces & Flails
 - Level 2.1 Armour
 - Level 0.8 Dodging
 - Level 1.2 Stealth
 + Level 5.6 Evocations


You had 6 spell levels left.
You didn't know any spells.
Your spell library was empty.

Dungeon Overview and Level Annotations

Branches:
Dungeon (6/15)             Temple (1/1) D:6

Altars:
Elyvilon
Fedhas
Nemelex Xobeh
Ru
Sif Muna
Trog
Uskayaw
Vehumet
Wu Jian
Xom
Yredelemnul

Shops:
D:5 [

Annotations:
D:4 1 runed translucent door, Renzlar's ghost, amateur GnFi


Innate Abilities, Weirdness & Mutations

You cannot be hasted, slowed, berserked, paralysed or teleported.
You can dig through walls and to a lower floor.
You have a pair of large antennae on your head. (SInv)
Your four strong arms can wield two-handed weapons with a shield.


Message History

The orc wizard hits you with a +0 dagger.
You hit the orc wizard.
You kill the orc wizard!
Items here: ))) [[ †.
s - a +2 vorpal flail
t - a +0 leather armour of cold resistance Adjust (i)tems, (s)pells, or (a)bilities?
s - a +2 vorpal flail Adjust to which letter? (? for menu, Esc to quit)
a - a +2 vorpal flail;
s - a +0 flail (weapon)
a - a +2 vorpal flail (weapon)
Drop what? 20/52 slots (_ for help) (? for menu, Esc to quit)
You drop a +0 flail.
A necrophage comes into view.
You barely miss the necrophage. The necrophage hits you.
You feel drained.
You hit the necrophage but do no damage.
The necrophage closely misses you.
Your scale mail prevents you from hitting the necrophage.
The necrophage barely misses you.
You hit the necrophage but do no damage.
The necrophage hits you.
You feel drained.
You hit the necrophage.
The necrophage is lightly damaged.
The necrophage hits you.
* * * LOW HITPOINT WARNING * * *
You feel drained.
You sock the necrophage!
The necrophage is heavily damaged.
The necrophage misses you.
You thump the necrophage!
The necrophage is almost destroyed.
The necrophage hits you.
* * * LOW HITPOINT WARNING * * *
You feel drained.
You barely miss the necrophage.
The necrophage is almost destroyed.
The necrophage hits you.
* * * LOW HITPOINT WARNING * * *
You feel drained.
You die...

#.# #.# #.#
#.# #.# #.#
#.#
#.#######.#
#..@n......
#######....
#


You could see a necrophage.

Vanquished Creatures
  2 ice beasts (D:6)
  A centaur (D:5)
  A wyvern zombie (D:5)
  A scorpion (D:5)
  A bullfrog zombie (D:5)
  A centaur zombie (D:5)
  A jelly (D:5)
  An orc priest (D:4)
  A centaur skeleton (D:5)
  An orc wizard (D:6)
  A hound skeleton (D:4)
  A white imp (D:6)
  3 orcs
  3 endoplasms (D:4)
  A hobgoblin (D:4)
  A quokka (D:4)
  3 ball pythons (D:4)
  A goblin (D:4)
  2 kobolds (D:4)
27 creatures vanquished.

Vanquished Creatures (collateral kills)
  A bullfrog skeleton (D:5)
  A ball python (D:3)
2 creatures vanquished.

Vanquished Creatures (others)
  An ice beast (D:5)
1 creature vanquished.

Grand Total: 30 creatures vanquished

Notes
Turn   | Place    | Note
-------+----------+-------------------------------------------
     0 | D:1      | nxtlvl the Formicid Artificer began the quest for the Orb.
     0 | D:1      | Reached XP level 1. HP: 15/15 MP: 1/1
     3 | D:1      | You fall into a shaft and drop 1 floor!
    21 | D:2      | You fall into a shaft and drop 1 floor!
    23 | D:3      | Noticed an orc wizard
    23 | D:3      | Noticed an orc priest
   118 | D:4      | Reached skill level 1 in Maces & Flails
   118 | D:4      | Reached XP level 2. HP: 20/21 MP: 2/2
   135 | D:4      | Reached skill level 2 in Maces & Flails
   162 | D:4      | Found a runed translucent door.
   162 | D:4      | Noticed Renzlar's ghost (amateur GnFi)
   237 | D:4      | Reached XP level 3. HP: 20/26 MP: 3/3
   356 | D:4      | Reached skill level 3 in Maces & Flails
   356 | D:4      | Reached XP level 4. HP: 28/32 MP: 4/4
   435 | D:5      | Entered Level 5 of the Dungeon
   462 | D:5      | Reached XP level 5. HP: 37/37 MP: 5/5
   479 | D:5      | Noticed a centaur
   496 | D:5      | Killed a centaur
   497 | D:5      | Reached skill level 4 in Maces & Flails
   497 | D:5      | Reached XP level 6. HP: 27/43 MP: 6/6
   509 | D:5      | Found Refras's Armour Boutique.
   678 | D:5      | Noticed an ice beast
   685 | D:5      | Reached skill level 5 in Maces & Flails
   763 | D:5      | Reached skill level 5 in Evocations
   763 | D:5      | Reached XP level 7. HP: 25/48 MP: 7/7
   768 | D:5      | Found a blossoming altar of Fedhas.
   908 | D:6      | Reached skill level 6 in Maces & Flails
   915 | D:6      | Found a staircase to the Ecumenical Temple.
   926 | Temple   | Entered the Ecumenical Temple
  1138 | D:6      | HP: 1/44 [necrophage (5)]
  1138 | D:6      | Slain by a necrophage

Illustrated notes

Levels and vault maps discovered:
D:1:      minmay_arrival_solitary_statue, layout_loops_ring,
          dilly_ecumenical_altar_fadedgnrine
D:2:      minmay_evil_eye, layout_loops_corners, uniq_natasha
D:3:      layout_basic
D:4:      layout_basic, ebering_ghost_reflecting_pool, nrook_mini_vaults
D:5:      layout_loops_ring, fedhas_altar_fruit_tree, serial_shops, shop,
          corexii_item_surrounded_by_moat
D:6:      layout_loops_ring, nicolae_ashenzari_panopticon, lemuel_crystal_altar,
          old_standard_altar, minmay_temple_entry_drinking_statues, uniq_maggie,
          uniq_sigmund, uniq_eustachio
Temple:   jpeg_temple_alley_garden

Skill      XL: |  1  2  3  4  5  6  7 |
---------------+----------------------+-----
Maces & Flails | 1 2 3 4 5 6 |  6.4
Evocations     | 4 5 |  5.6
Fighting       | |  1.1
Armour         | |  2.1
Dodging        | |  0.8
Stealth        | |  1.2

Action                   |  1- 3 |  4- 6 |  7- 9 || total
-------------------------+-------+-------+-------++-------
Melee: Club              |    29 |       |       ||    29
       Flail             |     4 |    46 |    38 ||    88
Throw: Dart              |       |     5 |     1 ||     6
 Abil: Shaft Self        |     2 |       |       ||     2
       Dig               |     4 |     2 |     6 ||    12
Evoke: Piece from Xom's  |    11 |     5 |     5 ||    21
       Wand              |     6 |    12 |    13 ||    31
 Stab: Paralysed         |     4 |       |       ||     4
Armor: Scale mail        |    10 |    38 |     9 ||    57
Dodge: Dodged            |    12 |    35 |    16 ||    63
